 Dungeon Sprint DCSS version 0.28-a0-224-g76b539d98b (webtiles) character file.

Game seed: 8078485290983610204

27 MikeHunt the Bolt Thrower (level 3, -4/27 HPs)
             Began as a Formicid Hunter on Aug 21, 2021.
             Was an Initiate of Okawaru.
             Slain by a warg (12 damage)
             ... in the Dungeon (Sprint VII: "The Pits").
             The game lasted 00:01:57 (639 turns).

MikeHunt the Bolt Thrower (Formicid Hunter)          Turns: 639, Time: 00:01:58

Health: -4/27      AC:  8    Str: 16    XL:     3   Next: 25%
Magic:  3/3        EV: 11    Int: 10    God:    Okawaru [......]
Gold:   0          SH:  0    Dex: 12    Spells: 2/2 levels left

rFire   . . .      SeeInvis +   a - +1 hand crossbow
rCold   . . .      Faith    .   (no shield)
rNeg    . . .      Spirit   .   j - +3 ring mail
rPois   .          Reflect  .   (helmet unavailable)
rElec   .          Harm     .   (no cloak)
rCorr   .          Rampage  .   (no gloves)
Will    .....                   (no boots)
Stlth   +.........              (no amulet)
HPRegen 0.09/turn               (no ring)
MPRegen 0.08/turn               (no ring)

@: no status effects
A: permanent stasis, dig shafts and tunnels, antennae 3, four strong arms
a: Dig, Renounce Religion


You were in the Dungeon.
You worshipped Okawaru.
Okawaru was noncommittal.
You visited 1 branch

Inventory:

Hand Weapons
 a - a +1 hand crossbow (weapon)
 b - a +0 quarterstaff of speed
 h - a +0 short sword
Missiles
 d - 7 bolts (quivered ammo)
Armour
 c - a +0 leather armour
 j - a +3 ring mail (worn)
Potions
 e - 6 potions of curing
 f - 5 potions of heal wounds
 g - 4 potions of magic
 i - 2 potions of invisibility


   Skills:
 - Level 2.1 Fighting
 + Level 7.2 Crossbows
 - Level 1.7 Dodging
 - Level 1.2 Stealth


You had 2 spell levels left.
You didn't know any spells.
Your spell library was empty.

Dungeon Overview and Level Annotations

Branches:
Dungeon (1/1)

Altars:
Ashenzari
Cheibriados
Dithmenos
Elyvilon
Fedhas
Gozag
Hepliaklqana
Kikubaaqudgha
Makhleb
Nemelex Xobeh
Okawaru
Qazlal
Ru
Sif Muna
Trog
Uskayaw
Vehumet
Wu Jian
Xom
Yredelemnul
Zin
The Shining One
Beogh
Jiyva
Lugonu


Innate Abilities, Weirdness & Mutations

You cannot be hasted, slowed, berserked, paralysed or teleported.
You can dig through walls and to a lower floor.
You have a pair of large antennae on your head. (SInv)
Your four strong arms can wield two-handed weapons with a shield.


Message History

The warg bites you.
* * * LOW HITPOINT WARNING * * *
The warg barely misses you.
You feel much better. The warg bites you but does no damage.
Fire: 13 bolts
Press: ? - help, Q - select action, (/) - cycle Shift-Dir - straight line, f/p - warg
Aim: a warg (lightly wounded, 60% to hit)
You shoot a bolt. The bolt barely misses the warg.
The warg misses you.
The crimson imp blinks!
Fire: 12 bolts
Press: ? - help, Q - select action, (/) - cycle Shift-Dir - straight line, f/p - warg
Aim: a warg (lightly wounded, 60% to hit)
You shoot a bolt. The bolt hits the warg!
The warg is moderately wounded.
The warg bites you! The warg bites you.
Fire: 11 bolts
Press: ? - help, Q - select action, (/) - cycle Shift-Dir - straight line, f/p - warg
Aim: a warg (moderately wounded, 60% to hit)
You shoot a bolt. The bolt hits the warg!
The warg is severely wounded.
The warg barely misses you.
Fire: 10 bolts
Press: ? - help, Q - select action, (/) - cycle Shift-Dir - straight line, f/p - warg
Aim: a warg (severely wounded, 60% to hit)
You shoot a bolt. The bolt barely misses the warg.
The warg bites you! The warg closely misses you.
Fire: 9 bolts
Press: ? - help, Q - select action, (/) - cycle Shift-Dir - straight line, f/p - warg
Aim: a warg (severely wounded, 60% to hit)
You shoot a bolt. The bolt hits the warg.
The warg is almost dead.
The warg bites you but does no damage.
The crimson imp blinks!
Fire: 8 bolts
Press: ? - help, Q - select action, (/) - cycle Shift-Dir - straight line, f/p - warg
Aim: a warg (almost dead, 60% to hit)
You shoot a bolt. The bolt barely misses the warg.
The warg bites you.
* * * LOW HITPOINT WARNING * * *
The warg bites you!
You die...

############
#_________.#
#_________.#
#_______...#######
##########'##.....
#.?(!')))'.##.....
##########.##.....
#.......)...'.....
#@#####'#####.....
#h#..#..#..##.....
#h#..†..#))#####'#
#K#..####))##.....
#.#..#..#))##.....
#.#..#..#.[##.....
#†##)#..#'###...<.
#§#..†.....##.....
#§#..).....##.....


You could see a warg, a black bear and a kobold brigand.

Vanquished Creatures
  An adder (D)
  A worm (D)
  2 orcs (D)
  2 endoplasms (D)
  2 goblins (D)
  2 jackals (D)
  A ball python zombie (D)
  A rat (D)
12 creatures vanquished.

Notes
Turn   | Place    | Note
-------+----------+-------------------------------------------
     0 | D        | MikeHunt the Formicid Hunter began the quest for the Orb.
     0 | D        | Reached XP level 1. HP: 16/16 MP: 1/1
    18 | D        | Found a bloodstained altar of Trog.
    18 | D        | Found a shimmering blue altar of Sif Muna.
    18 | D        | Found a viscous altar of Jiyva.
    18 | D        | Found a hazy altar of Hepliaklqana.
    18 | D        | Found an opulent altar of Gozag.
    19 | D        | Found a glowing golden altar of the Shining One.
    19 | D        | Found a glowing silver altar of Zin.
    19 | D        | Found a basalt altar of Yredelemnul.
    19 | D        | Found a shimmering altar of Xom.
    19 | D        | Found an ornate altar of the Wu Jian Council.
    19 | D        | Found a sacrificial altar of Ru.
    19 | D        | Found a stormy altar of Qazlal.
    19 | D        | Found an iron altar of Okawaru.
    19 | D        | Found a sparkling altar of Nemelex Xobeh.
    19 | D        | Found a burning altar of Makhleb.
    19 | D        | Found a blossoming altar of Fedhas.
    19 | D        | Found a white marble altar of Elyvilon.
    19 | D        | Found a shadowy altar of Dithmenos.
    19 | D        | Found a snail-covered altar of Cheibriados.
    20 | D        | Found a radiant altar of Vehumet.
    20 | D        | Found a corrupted altar of Lugonu.
    21 | D        | Found an ancient bone altar of Kikubaaqudgha.
    21 | D        | Found a hide-covered altar of Uskayaw.
    21 | D        | Found a broken altar of Ashenzari.
    26 | D        | Became a worshipper of Warmaster Okawaru
    64 | D        | Reached skill level 5 in Crossbows
   360 | D        | Reached XP level 2. HP: 22/22 MP: 2/2
   410 | D        | Reached skill level 6 in Crossbows
   478 | D        | Reached XP level 3. HP: 20/27 MP: 3/3
   609 | D        | Reached skill level 7 in Crossbows
   618 | D        | Noticed a warg
   618 | D        | Noticed a kobold brigand
   618 | D        | Noticed a black bear
   639 | D        | Slain by a warg

Illustrated notes

Levels and vault maps discovered:
D:        pitsprint [storerooms_1, entrance_room_1, metal_vault_6, armoury_2,
          mini_pit_1, grid_room_1, main_hall_1, silver_pit, the_coven_1,
          the_vestibule_1, steel_vault_4, golden_pit, hallway_of_sentries,
          crystal_vault_1, iron_vault_2, final_vault]

Skill      XL: |  1  2  3 |
---------------+----------+-----
Crossbows      | 5 6 7 |  7.2
Fighting       | |  2.1
Dodging        | |  1.7
Stealth        | |  1.2

Action                   || total
-------------------------++-------
Melee: Quarterstaff      ||     3
 Fire: Hand crossbow     ||    39
  Use: Potion            ||     1
Armor: Leather armour    ||     4
       Ring mail         ||     2
Dodge: Dodged            ||    13

Table legend: (Time is in decaauts)
 A = Elapsed time spent in this place.
 B = Non-inter-level travel time spent in this place.
 C = Inter-level travel time spent in this place.
 D = Time resting spent in this place.
 E = Time spent auto-exploring this place.
 F = Levels seen in this place.
 G = Mean time per level.
                   A        B        C        D        E       F      G
               +--------+--------+--------+--------+--------+-----+--------+
         Total |    646 |    646 |      0 |    408 |      0 |   1 |  646.0 |
       Dungeon |    646 |    646 |      0 |    408 |      0 |   1 |  646.0 |
               +--------+--------+--------+--------+--------+-----+--------+

Top non-repeatable levels by time:
       D: 646 daAuts
